 Dungeon Crawl Stone Soup version 0.20-a0-949-g916514f (webtiles) character file.

255160 nubinia the Sorcerer (level 19, -12/101 HPs)
             Began as a Deep Elf Venom Mage on Mar 31, 2017.
             Was the Champion of Ashenzari.
             Killed by a malign offering
             ... invoked by a deep elf high priest
              (21 damage)
             ... on level 3 of the Elven Halls on Apr 4, 2017.
             The game lasted 07:37:19 (61977 turns).

nubinia the Sorcerer (Deep Elf Venom Mage)         Turns: 61977, Time: 07:37:19

Health: -12/101    AC: 10    Str:  8    XL:     19   Next: 42%
Magic:  0/60       EV: 24    Int: 24    God:    Ashenzari [******]
Gold:   2606       SH:  7    Dex: 20    Spells: 10/71 levels left

rFire    . . .     SeeInvis +   O - +5 dagger (protect) (curse)
rCold    . . .     Gourm    .   x - +1 buckler {AC+3} (curse)
rNeg     . . .     Faith    .   r - +0 robe (curse)
rPois    .         Spirit   +   B - +1 helmet (curse)
rElec    .         Reflect  .   F - +0 cloak (curse)
rCorr    .         Harm     .   T - +0 pair of gloves (curse)
MR       +....     Clarity  +   q - +0 pair of boots (curse)
Stlth    ++++++....             I - amulet of guardian spirit (curse)
Regen    0.3/turn               v - +3 ring of strength (curse)
MPRegen  0.4/turn               o - ring of magical power (curse)

@: about to teleport
A: no striking features
}: 1/15 runes: decaying
a: Curse Item, Scrying, Transfer Knowledge, Renounce Religion


You were on level 3 of the Elven Halls.
You worshipped Ashenzari.
Ashenzari was exalted by your worship.
You were not hungry.

You visited 8 branches of the dungeon, and saw 37 of its levels.
You also visited: Ice Cave.

You collected 3506 gold pieces.
You spent 900 gold pieces at shops.

Inventory:

Hand Weapons
 O - a cursed +5 dagger of protection (weapon)
Missiles
 a - 459 arrows
Armour
 q - a cursed +0 pair of boots (worn)
 r - a cursed +0 robe (worn)
 x - a cursed +1 buckler of protection (worn)
 y - a +1 robe of positive energy
 B - a cursed +1 helmet (worn)
 F - a cursed +0 cloak (worn)
 T - a cursed +0 pair of gloves (worn)
Jewellery
 o - a cursed ring of magical power (right hand)
 v - a cursed +3 ring of strength (left hand)
 I - a cursed amulet of guardian spirit (around neck)
 X - a +3 amulet of reflection
Wands
 i - a wand of scattershot (5/9)
 m - a wand of acid (5/15)
 p - a wand of paralysis (10/24)
 u - a wand of iceblast (14/15)
 z - a wand of digging (1/24)
 D - a wand of paralysis (12/24)
 E - a wand of digging (11/24)
 K - a wand of iceblast (2/15)
 M - a wand of iceblast (12/15)
 R - a wand of iceblast (4/15)
Scrolls
 d - a scroll of amnesia
 j - 6 scrolls of fog
 k - 5 scrolls of magic mapping
 l - 2 scrolls of teleportation
 s - 4 scrolls of recharging
 t - a scroll of silence
 G - a scroll of enchant armour
 P - a scroll of fear
 W - 10 scrolls of identify
 Z - 3 scrolls of remove curse
Potions
 b - 6 potions of haste
 e - 9 potions of heal wounds
 g - 3 potions of flight
 h - 2 potions of cancellation
 n - 4 potions of brilliance
 w - 9 potions of curing
 A - 2 potions of agility
 L - 2 potions of magic
 N - a potion of ambrosia
 Q - a potion of mutation
 U - 2 potions of might
 V - 2 potions of resistance
Miscellaneous
 H - a sack of spiders
Comestibles
 c - 11 bread rations
 f - 16 meat rations
 C - 24 royal jellies
 J - 3 chunks of flesh
 S - 9 fruits


   Skills:
 + Level 5.3 Fighting
 + Level 4.4(8.8) Short Blades
 + Level 9.1(13.5) Dodging
 + Level 9.9(14.2) Stealth
 + Level 3.6(6.3) Shields
 * Level 26.6 Spellcasting
 + Level 16.0(19.9) Conjurations
 + Level 4.4(8.7) Hexes
 + Level 13.6(17.7) Charms
 + Level 3.3(7.3) Translocations
 + Level 9.9(14.2) Fire Magic
 + Level 4.2(8.5) Ice Magic
 + Level 11.7(15.9) Air Magic
 - Level 4.0(8.2) Poison Magic
 + Level 2.7(6.4) Evocations


You had 10 spell levels left.
You knew the following spells:

 Your Spells              Type           Power        Failure   Level  Hunger
a - Magic Dart            Conj           ####         0%          1    None
b - Poisonous Vapours     Pois/Air       ######       0%          2    None
c - Mephitic Cloud        Conj/Pois/Air  #######.     0%          3    None
d - Sting                 Conj/Pois      ####         0%          1    None
e - Conjure Flame         Conj/Fire      #######.     0%          3    None
f - Flame Tongue          Conj/Fire      #####        0%          1    None
g - Blink                 Tloc           N/A          1%          2    None
h - Cause Fear            Hex            ######....   1%          4    None
i - Iskenderun's Battles  Conj/Chrm      #######.     0%          5    None
j - Fireball              Conj/Fire      #######...   1%          5    None
k - Freezing Cloud        Conj/Ice/Air   #######...   1%          6    None
l - Olgreb's Toxic Radia  Pois           ######..     1%          4    None
m - Ring of Flames        Chrm/Fire      #######...   1%          7    ###....
n - Bolt of Fire          Conj/Fire      #######...   1%          6    None
o - Ozocubu's Armour      Chrm/Ice       #######.     0%          3    None
p - Darkness              Hex            ######....   6%          6    None
q - Sticks to Snakes      Tmut           #####...     1%          2    None


Dungeon Overview and Level Annotations

Branches:
Dungeon (15/15)            Temple (1/1) D:4            Lair (6/6) D:11
  Swamp (4/4) Lair:3       Spider (4/4) Lair:2        Slime (0/5) Lair:5
    Orc (2/2) D:12            Elf (3/3) Orc:2        Vaults (2/5) D:13
 Depths (0/5) D:15
  Crypt: Vaults:2-3

Altars:
Ashenzari
Cheibriados
Dithmenos
Elyvilon
Fedhas
Gozag
Hepliaklqana
Kikubaaqudgha
Makhleb
Nemelex Xobeh
Okawaru
Qazlal
Ru
Sif Muna
Trog
Uskayaw
Vehumet
Wu Jian
Xom
Yredelemnul
Zin
The Shining One
Beogh
Jiyva

Shops:
D:5 (   D:11 *   Orc:2 *[**   Vaults:1 *   Vaults:2 (

Annotations:
D:7 BattleRest's ghost, novice MiFi; Menkaure
D:9 Gastronok
Lair:5 exclusion: 2 oklob plants
Swamp:2 exclusion: 2 oklob plants
Spider:4 exclusions: 5 doors and 1 more exclusion
Orc:2 Ratty's ghost, adept MiBe
Elf:2 3 runed doors


Message History

The deep elf sorcerer seems to speed up.
The deep elf elementalist casts a spell at the deep elf high priest.
Some walls begin to move on their own!
The deep elf high priest shouts!
The deep elf archer shouts!
You hear a shout! x12
The deep elf mage gestures wildly while chanting.
The deep elf high priest utters a dark prayer and points at you.
Your life force is offered up.
* * * LOW HITPOINT WARNING * * *
A deep elf archer comes into view. It is wielding a short sword.
As you read the scroll of teleportation, it crumbles to dust.
You feel strangely unstable.
The deep elf demonologist casts a spell.
The deep elf high priest calls down the wrath of its god upon you.
Something smites you!
* * * LOW HITPOINT WARNING * * *
The deep elf knight gestures wildly while chanting.
The deep elf knight seems to speed up.
The deep elf high priest utters a dark prayer and points at you.
Your life force is offered up.
You die...

, ,,, , ,, * #.........# *
,,,{{..e... #.........## ,
, , ,{{.e...##
#.........)) , ,
{....e...# *
###.........## *
,....eee.## ............#*
* *,
.........#*.#**#.......###
**,.........##.#
##.....#+#. *
.......3e#E.# ###'###... *
....eee.e@.E# #.# #...
....eee###.## #.# #...
**....4e.* ## #.# #...
*,..e.{.#* #.# #...
*,...{e. #.# #... ***,
..{.{E #.# #...
**,,,,.e..§ * #.# ###. ,,
...§§ * #)# ##'# , , {{,,*
#.###.##


You could see a deep elf death mage, a deep elf sorcerer, a deep elf
elementalist, a sun demon, a deep elf demonologist, an orange demon, 3 deep elf
archers, a deep elf knight, 3 deep elf high priests, 2 earth elementals and 4
deep elf magi.

Vanquished Creatures
  the Lernaean hydra (Swamp:4)
  Nikola (Swamp:2)
  The ghost of Canard the Bludgeoner, an adept OgBe of Trog (Swamp:2)
  5 thorn hunters
  Kirke (D:15)
  Donald (Elf:2)
  Agnes (Spider:1)
  2 ghost moths
  Louise (D:15)
  2 orc warlords (Orc:2)
  2 emperor scorpions
  2 vault wardens (Vaults:2)
  5 ironheart preservers (Vaults:1)
  The ghost of Felix the Destroyer, a journeyman DrCj of Vehumet (Orc:2)
  3 very ugly things (Swamp:1)
  An entropy weaver (Spider:1)
  The ghost of nikopol the Fighter, a journeyman GrBe of Trog (Orc:2)
  Azrael (D:14)
  2 deep elf demonologists
  6 ogre magi
  2 yaktaur captains
  An ice dragon (Vaults:2)
  17 hydras
  5 centaur warriors
  3 catoblepae
  3 ghost crabs
  20 dancing weapons
  A death knight (D:14)
  19 two-headed ogres
  A deep troll shaman (Lair:6)
  6 death yaks (Lair:6)
  6 alligators
  6 orc high priests
  Sonja (D:12)
  11 deep elf knights
  A skeletal warrior (D:14)
  3 unseen horrors
  A glowing orange brain (Vaults:2)
  A deep troll (shapeshifter) (Vaults:2)
  2 spriggan druids (Swamp:4)
  13 deep elf archers
  3 ironbrand convokers
  A lindwurm (Lair:6)
  11 orc knights
  10 swamp dragons
  3 wizards
  4 shambling mangroves
  3 necromancers
  18 orb spiders
  39 deep elf magi
  10 ugly things
  30 wolf spiders
  A wolf spider zombie (D:14)
  13 orc sorcerers
  A salamander (shapeshifter) (Vaults:1)
  8 cyclopes
  A manticore (D:15)
  13 elephants
  A guardian serpent (shapeshifter) (Vaults:1)
  5 vault sentinels
  Psyche (D:9)
  4 black mambas
  A rime drake (shapeshifter) (Vaults:1)
  16 spiny frogs
  16 yaktaurs
  9 komodo dragons
  14 freezing wraiths
  A rime drake (Lair:6)
  An efreet (D:15)
  9 demonic crawlers
  5 trolls
  10 tyrant leeches
  A troll (shapeshifter) (Elf:1)
  A meliai (shapeshifter) (Vaults:1)
  16 hornets
  Grinder (D:5)
  A dream sheep (Lair:1)
  A wolf spider simulacrum (IceCv)
  Prince Ribbit (D:7)
  31 jumping spiders
  28 slime creatures
  7 blink frogs
  A harpy skeleton (D:15)
  2 human simulacra
  A stone giant simulacrum (Vaults:1)
  12 bog bodies
  8 air elementals
  13 hippogriffs
  Sigmund (D:5)
  A vampire (D:14)
  5 water elementals
  39 redbacks
  5 wyverns
  39 yaks
  4 shadows
  13 spriggans
  22 tarantellas
  A wraith (Vaults:1)
  7 fire elementals
  5 hogs (D:15)
  A steam dragon (D:11)
  A hungry ghost (D:13)
  3 basilisks
  10 wargs
  20 vampire mosquitoes
  A death yak simulacrum (IceCv)
  15 swamp worms
  A warg (shapeshifter) (D:11)
  9 insubstantial wisps
  Edmund (D:5)
  3 acid dragons
  10 water moccasins
  A hell hound (D:14)
  55 orc warriors
  8 porcupines
  4 sky beasts
  4 black bears
  11 ice beasts
  13 swamp drakes
  32 ogres
  A phantom (D:8)
  An eye of draining (D:13)
  4 necrophages
  3 boggarts (D:15)
  19 wolves
  11 centaurs
  15 crocodiles
  A big kobold (D:9)
  Blork the orc (D:4)
  24 bullfrogs
  2 earth elementals
  3 wyvern zombies
  2 wyvern skeletons
  A scorpion (D:4)
  An elephant simulacrum (IceCv)
  6 wights
  9 electric eels
  3 howler monkeys
  4 draconian simulacra (IceCv)
  3 bullfrog zombies
  6 crimson imps
  4 centaur zombies
  6 hounds
  8 jellies
  A quasit (D:12)
  5 human zombies
  26 orc wizards
  41 orc priests
  4 bullfrog skeletons
  7 centaur skeletons
  3 human skeletons
  Ijyb (D:4)
  4 iguanas
  2 troll simulacra (IceCv)
  13 worker ants
  A killer bee zombie (D:5)
  A wolf simulacrum (IceCv)
  7 centaur simulacra
  3 hound skeletons
  A howler monkey skeleton (D:8)
  8 adders
  5 naga simulacra (IceCv)
  7 gnolls
  4 ogre simulacra (IceCv)
  4 shadow imps
  25 white imps
  7 oozes
  An adder zombie (D:5)
  2 worms
  5 leopard geckos
  193 orcs
  7 giant cockroaches
  23 goblins
  14 hobgoblins
  12 jackals
  19 kobolds
  3 quokkas
  2 ball pythons (D:3)
  9 bats
  3 frilled lizards
  A goblin skeleton (D:9)
  3 goblin zombies (D:9)
  2 hobgoblin zombies (D:9)
  A jackal skeleton (D:7)
  A jackal zombie (D:8)
  2 kobold zombies (D:9)
  An orc skeleton (D:14)
  3 orc zombies
  7 rats
  A plant (D:13)
1528 creatures vanquished.

Vanquished Creatures (others)
  Asterion (Elf:3)
  A redback (Spider:1)
  A bush (Lair:6)
  18 fungi
  17 plants
38 creatures vanquished.

Grand Total: 1566 creatures vanquished

Notes
Turn   | Place    | Note
-------+----------+-------------------------------------------
     0 | D:1      | nubinia the Deep Elf Venom Mage began the quest for the Orb.
     0 | D:1      | Reached XP level 1. HP: 10/10 MP: 6/6
   630 | D:1      | Reached XP level 2. HP: 13/15 MP: 2/8
   840 | D:1      | Learned a level 2 spell: Poisonous Vapours
  1383 | D:1      | Reached XP level 3. HP: 19/19 MP: 10/10
  1388 | D:1      | Learned a level 3 spell: Mephitic Cloud
  2018 | D:2      | Found a sparkling altar of Nemelex Xobeh.
  2074 | D:2      | Found a shattered altar of Ashenzari.
  2121 | D:2      | Became a worshipper of Ashenzari the Shackled
  2309 | D:2      | Found a faded altar of an unknown god.
  2526 | D:2      | Found a hazy altar of Hepliaklqana.
  2542 | D:2      | Reached XP level 4. HP: 24/24 MP: 9/11
  2659 | D:3      | Reached skill level 4 in Spellcasting
  2851 | D:3      | Reached skill level 1 in Air Magic
  2898 | D:3      | Found a hide-covered altar of Uskayaw.
  2931 | D:3      | Found a radiant altar of Vehumet.
  2941 | D:3      | Reached XP level 5. HP: 28/28 MP: 13/13
  3113 | D:3      | Found a glowing silver altar of Zin.
  3115 | D:3      | Found an iron altar of Okawaru.
  3353 | D:4      | Noticed Blork the orc
  3362 | D:4      | Killed Blork the orc
  3362 | D:4      | Reached skill level 5 in Spellcasting
  3662 | D:4      | Reached XP level 6. HP: 32/32 MP: 11/16
  3940 | D:4      | Found a staircase to the Ecumenical Temple.
  3953 | D:4      | Reached skill level 6 in Spellcasting
  4284 | D:4      | Noticed Ijyb
  4316 | D:4      | Killed Ijyb
  4497 | Temple   | Entered the Ecumenical Temple
  4757 | D:5      | Entered Level 5 of the Dungeon
  4816 | D:4      | Reached XP level 7. HP: 36/37 MP: 10/19
  4882 | D:5      | Reached * piety under Ashenzari
  4983 | D:5      | Found Papnyr's Antique Weapon Boutique.
  5052 | D:5      | Noticed Sigmund
  5061 | D:5      | Noticed Edmund
  5066 | D:5      | Killed Sigmund
  5066 | D:5      | Reached skill level 7 in Spellcasting
  5110 | D:5      | Killed Edmund
  5110 | D:5      | Reached skill level 1 in Fighting
  5901 | D:5      | Identified the +4 spear of Mandamus {pierce, Stlth+}
  5994 | D:5      | Noticed Grinder
  6635 | D:5      | Reached skill level 8 in Spellcasting
  6679 | D:6      | Found a shimmering altar of Xom.
  6762 | D:6      | Learned a level 1 spell: Magic Dart
  7257 | D:6      | Reached ** piety under Ashenzari
  7542 | D:6      | Reached XP level 8. HP: 15/44 MP: 22/22
  7915 | D:7      | Noticed Prince Ribbit
  7927 | D:7      | Killed Prince Ribbit
  8062 | D:7      | Noticed Menkaure
  8471 | D:7      | Reached skill level 9 in Spellcasting
  8484 | D:7      | Noticed BattleRest's ghost (novice MiFi)
  8533 | D:8      | Noticed a hornet
  8555 | D:8      | Killed a hornet
  8555 | D:8      | Reached skill level 5 in Air Magic
  9370 | D:7      | Learned a level 3 spell: Conjure Flame
  9400 | D:8      | Noticed a two-headed ogre
  9697 | D:8      | Reached XP level 9. HP: 49/49 MP: 17/24
 10043 | D:9      | Noticed a two-headed ogre
 10077 | D:9      | Killed a two-headed ogre
 10077 | D:9      | Reached skill level 10 in Spellcasting
 10089 | D:9      | Noticed Gastronok
 10107 | D:8      | Killed a two-headed ogre
 10107 | D:8      | Reached skill level 11 in Spellcasting
 10947 | D:8      | Reached XP level 10. HP: 56/56 MP: 22/27
 11378 | D:6      | Reached skill level 5 in Dodging
 11614 | D:9      | Found a snail-covered altar of Cheibriados.
 11665 | D:9      | Noticed Psyche
 11715 | D:9      | Reached skill level 12 in Spellcasting
 11742 | D:8      | Reached skill level 5 in Conjurations
 11927 | D:9      | Killed Psyche
 11958 | D:9      | Found a glowing golden altar of the Shining One.
 11963 | D:9      | Reached skill level 5 in Stealth
 11978 | D:10     | Entered Level 10 of the Dungeon
 12012 | D:10     | Upgraded the game from 0.20-a0-941-gba1b1f9 to 0.20-a0-945-g3bf614a
 12041 | D:10     | Reached *** piety under Ashenzari
 12061 | D:10     | Identified the Reference Book on the Blaze
 12075 | D:10     | Learned a level 2 spell: Blink
 12078 | D:10     | Noticed a wizard
 12096 | D:10     | Killed a wizard
 12096 | D:10     | Reached skill level 1 in Translocations
 12941 | D:9      | Reached skill level 13 in Spellcasting
 13284 | D:9      | Found a viscous altar of Jiyva.
 13445 | D:10     | Noticed a two-headed ogre
 13462 | D:10     | Killed a two-headed ogre
 13462 | D:10     | Reached skill level 1 in Fire Magic
 13531 | D:10     | Found a bloodstained altar of Trog.
 13844 | D:11     | Reached XP level 11. HP: 49/60 MP: 25/30
 13934 | D:11     | Found Plog's Assorted Antiques.
 14634 | D:11     | Found a staircase to the Lair.
 15175 | D:11     | Noticed a brown ugly thing
 15176 | D:11     | Noticed a green ugly thing
 15486 | D:11     | Bought a scroll of remove curse for 84 gold pieces
 15486 | D:11     | Bought a scorched hand axe for 224 gold pieces
 15486 | D:11     | Identified the +6 hand axe of the Forsaken Runes {freeze, -Tele Int+3 Dex+5} (You bought it in a shop on level 11 of the Dungeon)
 15486 | D:11     | Bought a scroll labeled BEOMAMABBA for 28 gold pieces
 15536 | Lair:1   | Entered Level 1 of the Lair of Beasts
 15567 | Lair:1   | Reached skill level 14 in Spellcasting
 15931 | Lair:1   | Found a frozen archway.
 16119 | IceCv    | Entered an ice cave
 16624 | IceCv    | Learned a level 1 spell: Flame Tongue
 16959 | IceCv    | Reached **** piety under Ashenzari
 17341 | IceCv    | Found an ancient bone altar of Kikubaaqudgha.
 17949 | IceCv    | Reached skill level 15 in Spellcasting
 18121 | IceCv    | Identified the +2 hat of the Butterfly {rCorr Int-4 Slay+2}
 18121 | IceCv    | Noticed a necromancer
 18178 | IceCv    | Killed a necromancer
 18580 | Lair:1   | Learned a level 3 spell: Ozocubu's Armour
 18747 | Lair:1   | Reached XP level 12. HP: 62/66 MP: 24/33
 18904 | Lair:1   | Reached skill level 1 in Ice Magic
 19028 | Lair:1   | Reached skill level 1 in Charms
 19134 | Lair:1   | Learned a level 4 spell: Cause Fear
 19159 | Lair:1   | Reached skill level 1 in Hexes
 19283 | Lair:1   | Reached skill level 1 in Evocations
 19571 | Lair:1   | Learned a level 5 spell: Iskenderun's Battlesphere
 20032 | Lair:2   | Found a hole to the Spider Nest.
 20205 | Lair:2   | Learned a level 5 spell: Fireball
 20353 | Lair:2   | Reached skill level 16 in Spellcasting
 20446 | Lair:2   | Reached skill level 10 in Air Magic
 21154 | Lair:3   | Reached ***** piety under Ashenzari
 21482 | Lair:3   | Found a staircase to the Swamp.
 22173 | Lair:4   | Reached skill level 5 in Charms
 22173 | Lair:4   | Reached XP level 13. HP: 40/70 MP: 6/35
 23127 | Lair:4   | Reached skill level 5 in Fire Magic
 23136 | Lair:4   | Reached skill level 17 in Spellcasting
 23501 | Lair:5   | Found a staircase to the Slime Pits.
 24599 | Lair:6   | Entered Level 6 of the Lair of Beasts
 25217 | Lair:6   | Reached skill level 10 in Conjurations
 26088 | Lair:6   | Reached skill level 18 in Spellcasting
 26767 | Lair:6   | Identified a scroll of acquirement
 27105 | D:11     | Reached skill level 1 in Shields
 27105 | D:11     | Reached XP level 14. HP: 76/76 MP: 38/38
 27146 | D:11     | Reached ****** piety under Ashenzari
 27189 | D:11     | Learned a level 6 spell: Freezing Cloud
 27815 | D:12     | Found a staircase to the Orcish Mines.
 27828 | D:12     | Noticed Sonja
 27840 | D:12     | Killed Sonja
 28909 | D:11     | Learned a level 4 spell: Olgreb's Toxic Radiance
 28987 | Orc:1    | Entered Level 1 of the Orcish Mines
 29437 | Orc:2    | Entered Level 2 of the Orcish Mines
 29498 | Orc:2    | Reached skill level 19 in Spellcasting
 29682 | Orc:2    | Noticed Ratty's ghost (adept MiBe)
 30938 | Orc:2    | Found a roughly hewn altar of Beogh.
 31215 | Orc:2    | Found Ynkosh's Assorted Antiques.
 31258 | Orc:2    | Found Zemegami's Antique Armour Shop.
 31480 | Orc:2    | Noticed nikopol's ghost (journeyman GrBe)
 31507 | Orc:2    | Killed nikopol's ghost
 31981 | Orc:2    | Found a staircase to the Elven Halls.
 32100 | Orc:2    | Noticed an orc warlord
 32124 | Orc:2    | Killed an orc warlord
 32356 | Orc:2    | Noticed an orc warlord
 32543 | Orc:2    | Killed an orc warlord
 32797 | Orc:2    | Found a roughly hewn altar of Beogh.
 32871 | Orc:2    | Found Zeich's General Store.
 33284 | Orc:2    | Noticed Felix's ghost (journeyman DrCj)
 33465 | Orc:2    | Reached XP level 15. HP: 65/80 MP: 32/40
 33466 | Orc:2    | Upgraded the game from 0.20-a0-945-g3bf614a to 0.20-a0-947-g2784f4f
 33732 | Orc:2    | Reached skill level 20 in Spellcasting
 33734 | Orc:2    | Found Goepni's General Store.
 33745 | Orc:2    | Bought a scroll of remove curse for 36 gold pieces
 34081 | Swamp:1  | Entered Level 1 of the Swamp
 34792 | Swamp:1  | Noticed a thorn hunter
 34796 | Swamp:1  | Killed a thorn hunter
 35851 | Swamp:2  | Reached skill level 1 in Short Blades
 36113 | D:11     | Learned a level 7 spell: Ring of Flames
 36120 | D:11     | Learned a level 6 spell: Bolt of Fire
 36671 | Swamp:2  | Noticed Nikola
 36713 | Swamp:2  | Noticed a thorn hunter
 36956 | Swamp:2  | Noticed a thorn hunter
 36964 | Swamp:2  | Killed a thorn hunter
 37235 | Swamp:2  | Noticed a thorn hunter
 37248 | Swamp:2  | Killed a thorn hunter
 37248 | Swamp:2  | Reached skill level 21 in Spellcasting
 37248 | Swamp:2  | Reached skill level 10 in Charms
 37420 | Swamp:2  | Killed a thorn hunter
 37483 | Swamp:2  | Noticed a thorn hunter
 37485 | Swamp:2  | Killed a thorn hunter
 37802 | Swamp:2  | Noticed Canard's ghost (adept OgBe)
 38134 | Swamp:2  | Killed Nikola
 38138 | Swamp:2  | Got the uncursed pair of gloves "Azxuzy Bera" {rElec MR++ Int-4}
 38685 | Swamp:3  | Reached XP level 16. HP: 68/86 MP: 24/43
 39660 | Swamp:4  | Entered Level 4 of the Swamp
 40494 | Swamp:2  | Killed Canard's ghost
 40534 | Swamp:2  | Identified the +1 pair of gloves "Azxuzy Bera" {rElec MR++ Int-4} (You took it off Nikola on level 2 of the Swamp)
 40824 | Swamp:4  | Reached skill level 22 in Spellcasting
 41314 | Swamp:4  | Noticed the 27-headed Lernaean hydra
 41395 | Swamp:4  | Killed the 27-headed Lernaean hydra
 41442 | Swamp:4  | Got a decaying rune of Zot
 41863 | Spider:1 | Entered Level 1 of the Spider Nest
 42625 | Spider:1 | Noticed Agnes
 42629 | Spider:1 | Killed Agnes
 42654 | Spider:1 | Reached skill level 23 in Spellcasting
 42951 | Spider:1 | Identified the ring "Horulev" {rPois MP+9}
 43829 | Spider:1 | Reached XP level 17. HP: 76/90 MP: 34/46
 46657 | Spider:4 | Entered Level 4 of the Spider Nest
 47023 | Spider:4 | Identified the +1 leather armour "Sinouw" {*Slow rPois Stlth+}
 48644 | D:13     | Reached skill level 5 in Fighting
 48826 | D:13     | Reached skill level 24 in Spellcasting
 49233 | D:13     | Found a gate to the Vaults.
 49595 | D:14     | Noticed Azrael
 49836 | D:14     | Killed Azrael
 50061 | D:14     | Found a basalt altar of Yredelemnul.
 50801 | D:15     | Entered Level 15 of the Dungeon
 51079 | D:15     | Identified the +5 long sword "Fodghuczo" {flame, +Fly rN+ Dex-5}
 51579 | D:15     | Noticed Louise
 51585 | D:15     | Killed Louise
 51606 | D:15     | Noticed Kirke
 51911 | D:15     | Killed Kirke
 52221 | D:15     | Reached XP level 18. HP: 96/96 MP: 44/48
 52450 | D:15     | Reached skill level 15 in Conjurations
 52481 | D:15     | Found a staircase to the Depths.
 52576 | Vaults:1 | Entered Level 1 of the Vaults
 53144 | Vaults:1 | Found Amadiokk's Assorted Antiques.
 53304 | Vaults:1 | Bought a scroll labeled WUGRYE SOYCRUD for 35 gold pieces
 53747 | Vaults:1 | Reached skill level 25 in Spellcasting
 53931 | Vaults:1 | Learned a level 6 spell: Darkness
 55056 | Vaults:1 | Upgraded the game from 0.20-a0-947-g2784f4f to 0.20-a0-949-g916514f
 55982 | Vaults:2 | Found Zoiwn's Antique Weapon Shop.
 55994 | Vaults:2 | Bought an ichor-stained hand axe for 264 gold pieces
 55994 | Vaults:2 | Identified the cursed +1 hand axe of Xicej {chop, rF+ rN++ Dex+5} (You bought it in a shop on level 2 of the Vaults)
 56672 | D:5      | Killed Grinder
 56697 | D:5      | Bought a dazzling hand crossbow for 229 gold pieces
 56697 | D:5      | Identified the +5 hand crossbow of Pain and Death {elec, Str+2 Dex+4} (You bought it in a shop on level 5 of the Dungeon)
 56938 | Elf:1    | Entered Level 1 of the Elven Halls
 57442 | Elf:1    | Learned a level 2 spell: Sticks to Snakes
 57525 | Orc:2    | Killed Felix's ghost
 59374 | Elf:1    | Reached skill level 26 in Spellcasting
 59390 | Elf:1    | HP: 4/96 [orc high priest/divine providence (9)]
 59398 | Elf:1    | HP: 3/96 [poisoned by a short sword of venom]
 59406 | Elf:1    | HP: 3/96 [poisoned by a short sword of venom]
 59814 | Elf:1    | Reached XP level 19. HP: 85/101 MP: 35/51
 60391 | Elf:2    | Noticed Donald
 60393 | Elf:2    | Killed Donald
 60464 | Elf:2    | Identified the +5 shortbow of the Rattle-Snake {flame, Dex+2}
 60861 | Elf:2    | Found a runed gate.
 60861 | Elf:2    | Found a runed gate.
 60861 | Elf:2    | Found a runed gate.
 61326 | Elf:3    | Entered Level 3 of the Elven Halls
 61964 | Elf:3    | Noticed Asterion
 61972 | Elf:3    | Killed Asterion
 61977 | Elf:3    | Killed from afar by a deep elf high priest

Vault maps used:
D:1:      sevenhm_arrival_forest_fort_large_3
D:2:      lemuel_round_altar, nemelex_xobeh_ov_fountains_minmay,
          old_standard_altar, chequers_ecumenical_altar_grove, first_bread
D:3:      eat_drink_and_be_merry_uskayaw, nicolae_overflow_hidden_temple
D:4:      kennysheep_the_goblin_king, minmay_temple_entry_statues_pillars,
          uniq_blork_the_orc
D:5:      serial_shops, shop, sigmund_edmund_badplayer, uniq_sigmund, uniq_iyjb,
          uniq_grinder
D:6:      nicolae_overflow_crystal_walls
D:7:      uniq_menkaure, uniq_prince_ribbit1
D:8:      corexii_shantytown
D:9:      lemuel_crystal_altar, hangedman_little_slice_of_home,
          nicolae_tso_besieged_by_evil, uniq_gastronok, uniq_psyche
D:10:     special_room, trog_book
D:11:     erik_lair_orcish_takeover, serial_shops, nicolae_shop_statue_plus
D:12:     hiddenorc2_lemuel, nicolae_benzene_ring, serial_bayou_lagoon_a,
          uniq_sonja
D:13:     erik_vaults_1, serial_bayou, serial_bayou_pond_e,
          serial_bayou_shore_b, serial_bayou_pond_c, serial_bayou_crossing
D:14:     lemuel_mausoleum_altar_yredelemnul, st_stairs_11, grunt_ministairs_1,
          uniq_azrael
D:15:     grunt_enter_depths_magical_seal, uniq_kirke, uniq_louise
Temple:   dshaligram_water_room_temple
Lair:1:   beast_lair_carwin_large_3, portal_ice_cave_entry_imps,
          hangedman_lair_generics_rect, grunt_megastairs_3
Lair:2:   nicolae_spider_entry_orb_guardian
Lair:3:   minmay_swamp_entry_eels, serial_bayou_pond_a,
          infiniplex_staircase_pool, grunt_megastairs_4
Lair:4:   st_stairs_10, kennysheep_catoblepas_arena
Lair:5:   dpeg_slime_entry_corner, disabler_island, lemuel_fruit_tree,
          serial_bayou_shore_a
Lair:6:   grunt_lair_end_beastmaster, minivault_25
Swamp:1:  nicolae_swamp_trees_clearing, swamp_pool2, hangedman_swamp_muck,
          infiniplex_staircase_pool_2
Swamp:2:  nicolae_swamp_phyte_club, hangedman_swamp_ruin_hall, swamp_pool1,
          uniq_nikola
Swamp:3:  evilmike_swamp_ruin_wall, st_swamp_ruins_2
Swamp:4:  swamp_basic_johnstein
Spider:1: uniq_agnes
Spider:4: spider_rune_water
Orc:2:    pubby_orc_utopia
Elf:1:    minmay_elf_arrival_plus, evilmike_minifort
Elf:2:    grunt_ministairs_12, uniq_donald
Elf:3:    minmay_elf_hall_quartered_circle, uniq_asterion
Vaults:1: grunt_vaults_diagonal, vaults_dpeg_encased_lava,
          vaults_room_grunt_arrival_ludios, v_misc_3, vaults_mumra_bighexcomb,
          v_pattern_3, serial_ice_h, vaults_dpeg_hooks, ontoclasm_vaults_twist,
          serial_shops, shop
Vaults:2: nicolae_vaults_circle_grid_a, hangedman_vaults_stretched_pinwheel,
          v_alt_pattern_2, ontoclasm_vaults_misaligned, vaults_room_fours,
          vaults_mumra_minichess_inversion, v_alt_pattern_5,
          nicolae_vaults_little_squares_2, ontoclasm_vaults_spin,
          stair_cage_open, v_pattern_2, ontoclasm_vaults_hangar,
          nicolae_vaults_rhombus_5, nicolae_vaults_gold_heap, serial_shops, shop
IceCv:    ice_cave_small_necro

Skill      XL: |  1  2  3  4  5  6  7  8  9 10 11 12 13 14 15 16 17 18 19 |
---------------+----------------------------------------------------------+-----
Conjurations   | 2 3 4 5 7 9 10 12 13 14 15 16 | 16.0
Stealth        | 3 4 5 6 7 8 9 |  9.9
Spellcasting   | 4 5 6 8 9 11 13 15 16 18 19 21 23 24 26 | 26.6
Poison Magic   | 4 |  4.0
Air Magic      | 1 2 3 4 5 7 9 10 11 | 11.7
Fighting       | 1 2 3 4 5 |  5.3
Dodging        | 4 5 6 7 8 9 |  9.1
Translocations | 3 |  3.3
Fire Magic     | 1 4 5 6 8 9 |  9.9
Ice Magic      | 1 2 3 4 |  4.2
Charms         | 5 7 8 10 11 12 13 | 13.6
Hexes          | 4 |  4.4
Evocations     | 1 2 |  2.7
Shields        | 1 2 3 |  3.6
Short Blades   | 1 2 3 4 |  4.4

Action                   |  1- 3 |  4- 6 |  7- 9 | 10-12 | 13-15 | 16-18 | 19-21 || total
-------------------------+-------+-------+-------+-------+-------+-------+-------++-------
Melee: Dagger            |    35 |       |       |       |    11 |   542 |    48 ||   636
       Morningstar       |     4 |    23 |   132 |   184 |   114 |       |       ||   457
 Cast: Sting             |    82 |    55 |     5 |       |       |       |       ||   142
       Poisonous Vapours |     3 |    41 |   118 |   233 |   108 |    78 |     3 ||   584
       Mephitic Cloud    |     1 |    12 |    11 |    32 |    42 |    96 |    10 ||   204
       Magic Dart        |       |       |    67 |   511 |   710 |   823 |    57 ||  2168
       Conjure Flame     |       |       |     4 |    54 |    10 |     8 |     1 ||    77
       Flame Tongue      |       |       |       |   235 |   129 |   141 |     8 ||   513
       Iskenderun's Batt |       |       |       |    34 |   216 |   271 |    22 ||   543
       Ozocubu's Armour  |       |       |       |     9 |    19 |    55 |     5 ||    88
       Fireball          |       |       |       |       |   106 |   104 |     9 ||   219
       Cause Fear        |       |       |       |       |     3 |     2 |       ||     5
       Olgreb's Toxic Ra |       |       |       |       |     6 |    10 |     1 ||    17
       Bolt of Fire      |       |       |       |       |     8 |    16 |    16 ||    40
       Ring of Flames    |       |       |       |       |     1 |     1 |       ||     2
       Freezing Cloud    |       |       |       |       |       |     5 |     3 ||     8
       Blink             |       |       |       |       |       |     1 |     3 ||     4
Invok: Curse Item        |       |       |     2 |     3 |     1 |     2 |       ||     8
       Scrying           |       |       |       |     1 |       |       |       ||     1
Evoke: Wand              |       |       |       |    17 |    20 |    17 |       ||    54
       Phantom mirror    |       |       |       |       |       |     1 |       ||     1
  Use: Potion            |       |     2 |     6 |     2 |     3 |     3 |       ||    16
       Scroll            |       |     3 |     7 |    15 |    14 |    10 |     4 ||    53
 Stab: Sleeping          |     6 |     1 |     2 |     1 |     4 |    27 |    11 ||    52
       Confused          |       |     1 |     1 |     4 |     4 |    40 |     7 ||    57
       Paralysed         |       |       |       |     2 |       |       |       ||     2
       Distracted        |       |       |       |     1 |       |     2 |       ||     3
  Eat: Chunk             |     5 |     7 |    10 |    29 |    45 |    56 |     8 ||   160
       Bread ration      |       |       |     2 |       |       |       |       ||     2
       Fruit             |       |       |       |     5 |     8 |    10 |       ||    23
       Royal jelly       |       |       |       |     1 |       |       |       ||     1
Armor: Robe              |    16 |     4 |    34 |    68 |    63 |   174 |    11 ||   370
       Skin              |       |       |     8 |       |       |       |       ||     8
Dodge: Dodged            |    57 |    22 |   115 |   246 |   275 |   610 |    52 ||  1377
Block: Buckler           |       |       |       |       |    57 |   215 |    25 ||   297
